 Dungeon Crawl Stone Soup version 0.29.1-13-g9f3cf754e1 (webtiles) character file.

Game seed: 2905416792721362420

68 KittyFluff the Cudgeller (level 4, -1/29 HPs)
             Began as a Gargoyle Berserker on Feb 6, 2023.
             Was a Believer of Trog.
             Slain by a gnoll
             ... wielding a +0 spear
              (7 damage)
             ... on level 3 of the Dungeon.
             The game lasted 00:06:50 (1999 turns).

KittyFluff the Cudgeller (Gargoyle Berserker)       Turns: 1999, Time: 00:06:50

Health: -1/29      AC:  7    Str: 26    XL:     4   Next: 19%
Magic:  4/4        EV: 12    Int:  8    God:    Trog [**....]
Gold:   89         SH:  0    Dex: 11    Spells: 3/3 levels left

rFire   . . .      SeeInvis .   a - +0 mace
rCold   . . .      Faith    .   (no shield)
rNeg    + . .      Spirit   .   f - +0 leather armour
rPois   ∞          Reflect  .   (no helmet)
rElec   +          Harm     .   (no cloak)
rCorr   .          Rampage  .   (no gloves)
Will    .....                   (no boots)
Stlth   +.........              (no amulet)
HPRegen 0.09/turn               b - +6 ring of strength
MPRegen 0.09/turn               (no ring)

@: no status effects
A: sickness immunity, AC +3, negative energy resistance 1, electricity
resistance, torment resistance 1, petrification resistance
a: Renounce Religion, Berserk, Trog's Hand


You were on level 3 of the Dungeon.
You worshipped Trog.
Trog was pleased with you.
You visited 1 branch of the dungeon, and saw 3 of its levels.

You collected 89 gold pieces.

Inventory:

Hand Weapons
 a - a +0 mace (weapon)
 i - a +0 sling
 n - a +0 sling
Missiles
 c - 10 javelins (quivered)
 j - 23 stones
Armour
 f - a +0 leather armour (worn)
Jewellery
 b - a +6 ring of strength (left hand)
 d - a ring of magical power
Scrolls
 e - a scroll of fog {unknown}
 g - 3 scrolls of identify {unknown}
 k - a scroll of teleportation {unknown}
 m - a scroll of blinking {unknown}
 o - a scroll of enchant armour {unknown}
Potions
 h - a potion of lignification {unknown}
 l - 2 potions of curing {unknown}


   Skills:
 + Level 3.8 Fighting
 + Level 3.9 Maces & Flails
 * Level 3.1 Armour
 + Level 1.9 Dodging


You had 3 spell levels left.
You didn't know any spells.
Your spell library was empty.

Dungeon Overview and Level Annotations

Branches:
Dungeon (3/15)

Altars:

Shops:
D:2 *


Innate Abilities, Weirdness & Mutations

You are immune to sickness and miasma.
Your stone body is resilient. (AC +3)
You are immune to poison.
You resist negative energy. (rN+)
You are resistant to electric shocks. (rElec)
You are resistant to unholy torment.
You are immune to petrification.


Message History

A gnoll comes into view. It is wielding a +0 spear.
The kobold shouts!
The gnoll closely misses you.
You sock the gnoll!
The gnoll is severely wounded.
The gnoll closely misses you.
You hit the gnoll.
The gnoll is almost dead.
The gnoll closely misses you. The gnoll hits you with a +0 spear.
You barely miss the gnoll. The gnoll hits you but does no damage.
The gnoll closely misses you. The gnoll hits you but does no damage.
You sock the gnoll!
The gnoll is severely wounded.
The gnoll misses you. The gnoll barely misses you.
The gnoll hits you but does no damage. The gnoll hits you with a +0 spear.
The gnoll closely misses you.
The gnoll hits you from afar with a +0 spear.
You thump the gnoll!
You kill the gnoll!
Trog accepts your kill.
You can now call upon Trog for regeneration and willpower.
The gnoll hits you but does no damage. x2
Your Armour skill increases to level 3!
The gnoll hits you with a +0 spear.
Things that are here:
a +0 spear; a gnoll corpse You hit the gnoll.
The gnoll is moderately wounded.
The gnoll misses you. The gnoll hits you with a +0 club.
You hit the gnoll but do no damage.
The gnoll is moderately wounded.
The gnoll hits you with a +0 spear. The gnoll closely misses you.
You hit the gnoll but do no damage.
The gnoll is moderately wounded.
The gnoll hits you but does no damage. The gnoll hits you with a +0 club.
* * * LOW HITPOINT WARNING * * *
You barely miss the gnoll.
The gnoll is moderately wounded.
The gnoll hits you with a +0 spear!
You die...

.#......#.#..#
#.#....#.#..#
.#.#.........#
........#.####
..........#
.#....#.###
.......K#
.##...#g#
##..#@# ...
#g# ###. #.# #
#.# #.# #.#
###


You could see 2 gnolls and a kobold.

Vanquished Creatures
  2 gnolls
  A worm (D:2)
  2 dart slugs (D:2)
  5 ball pythons
  3 bats
  6 endoplasms
  4 hobgoblins
  A jackal (D:2)
  5 kobolds
  2 quokkas (D:2)
  3 frilled lizards
  2 goblins
  A rat (D:1)
37 creatures vanquished.

Notes
Turn   | Place    | Note
-------+----------+-------------------------------------------
     0 | D:1      | KittyFluff the Gargoyle Berserker began the quest for the
                  | Orb.
     0 | D:1      | Reached XP level 1. HP: 14/14 MP: 1/1
   251 | D:1      | Reached XP level 2. HP: 13/19 MP: 2/2
   618 | D:1      | Reached XP level 3. HP: 22/23 MP: 3/3
   898 | D:2      | Found Plog's Assorted Antiques.
  1790 | D:2      | Reached XP level 4. HP: 29/29 MP: 4/4
  1994 | D:3      | Reached ** piety under Trog
  1999 | D:3      | Slain by a gnoll

Illustrated notes

Levels and vault maps discovered:
D:1:      shiori_arrival_oz, layout_loops_ring, serial_park_tiny_2
D:2:      layout_basic, serial_shops, shop, minmay_heptomino_d4
D:3:      layout_basic, dreamdust_divine_triumvirate, kennysheep_generic_room_9

Skill      XL: |  1  2  3  4 |
---------------+-------------+-----
Armour         | 3 |  3.1
Fighting       | |  3.8
Maces & Flails | |  3.9
Dodging        | |  1.9

Action                   |  1- 3 |  4- 6 || total
-------------------------+-------+-------++-------
Melee: Mace              |   102 |    10 ||   112
Armor: Animal skin       |    29 |       ||    29
       Leather armour    |    19 |     6 ||    25
Dodge: Dodged            |    66 |     9 ||    75
